 Dungeon Crawl Stone Soup version 0.30.1-11-g7821555f0a (webtiles) character file.

Game seed: 5293402762578089105

12444 ritesign the Eclecticist (level 11, -4/67 HPs)
             Began as a Deep Elf Conjurer on Jan 15, 2024.
             Was an Initiate of Gozag.
             Slain by Snorg (18 damage)
             ... on level 12 of the Dungeon.
             The game lasted 00:29:08 (15907 turns).

ritesign the Eclecticist (Deep Elf Conjurer)       Turns: 15907, Time: 00:29:08

Health: -4/67      AC: 14    Str:  4    XL:     11   Next: 62%
Magic:  2/32       EV:  9    Int: 34    God:    Gozag
Gold:   1463       SH:  0    Dex: 13    Spells: 23/40 levels left

rFire   . . .        t - staff of cold
rCold   + . .        (no shield)
rNeg    . . .        H - +1 ring mail {rPois}
rPois   +            l - +0 helmet
rElec   .            N - +2 cloak
rCorr   .            M - +0 pair of gloves
SInv    .            h - +0 pair of boots
Will    +....        (no amulet)
Stlth   +            j - +6 ring of intelligence
HPRegen 0.31/turn    q - ring of wizardry
MPRegen 0.23/turn

%: wizardry (x1)
@: gold aura
A: no striking features
a: Renounce Religion, Potion Petition, Call Merchant, Bribe Branch


You were on level 12 of the Dungeon.
You worshipped Gozag.
Gozag was most pleased with you.
You visited 2 branches of the dungeon, and saw 13 of its levels.
You also visited: Sewer.

You collected 1995 gold pieces.
You spent 454 gold pieces at shops.
You paid 78 gold pieces to Gozag.

Inventory:

Missiles
 d - 3 boomerangs
 i - 6 javelins
 r - 5 atropa-tipped darts
 y - 80 poisoned darts
 E - 2 throwing nets
 O - a curare-tipped dart (quivered)
Armour
 h - a +0 pair of boots (worn)
 l - a +0 helmet (worn)
 w - a +1 robe of positive energy
 G - a +1 leather armour of cold resistance
 H - a +1 ring mail of poison resistance (worn)
 M - a +0 pair of gloves (worn)
 N - a +2 cloak (worn)
Magical Staves
 t - a staff of cold (weapon)
 T - a staff of death
Jewellery
 e - a ring of see invisible
 j - a +6 ring of intelligence (left hand)
 q - a ring of wizardry (right hand)
 K - a ring of protection from cold
 U - a ring of ice
 V - a ring of ice
Wands
 m - a wand of digging (8)
 p - a wand of charming (4)
 P - a wand of mindburst (4)
 R - a wand of polymorph (2)
Scrolls
 f - 8 scrolls of teleportation
 o - 2 scrolls of poison
 v - a scroll of silence
 B - a scroll of magic mapping
 D - a scroll of vulnerability
 F - 3 scrolls of fear
 I - 3 scrolls of fog
 J - 2 scrolls of blinking
 L - a scroll of immolation
 Q - 2 scrolls of amnesia
Potions
 a - 4 potions of invisibility
 b - 3 potions of magic
 c - 7 potions of curing
 g - 5 potions of heal wounds
 k - 4 potions of might
 n - 6 potions of mutation
 s - 4 potions of flight
 u - 2 potions of attraction
 z - 6 potions of haste
 A - a potion of resistance {unknown}
 C - 2 potions of cancellation {unknown}
 S - a potion of berserk rage {unknown}
 W - a potion of lignification


   Skills:
 + Level 7.2 Fighting
 + Level 5.3 Armour
 + Level 3.6 Dodging
 - Level 2.4 Stealth
 - Level 15.0 Spellcasting
 - Level 7.0 Conjurations
 - Level 5.0 Hexes
 - Level 7.0 Necromancy
 - Level 5.0 Translocations


You had 23 spell levels left.
You knew the following spells:

 Your Spells              Type           Power      Damage    Failure   Level
a - Magic Dart            Conj           100%       1d8       1%          1
b - Searing Ray           Conj           100%       2d8       1%          2
c - Iskenderun's Mystic   Conj/Tloc      60%        2d13      2%          4
d - Fulminant Prism       Conj/Hex       30%        3d16      2%          4
e - Sublimation of Blood  Necr           64%        N/A       1%          2
l - Dispel Undead         Necr           64%        3d22      1%          4

Your spell library contained the following spells:

 Spells                   Type           Power      Damage    Failure   Level
 Kiss of Death            Conj/Necr      100%       2d13      1%          1
 Slow                     Hex            100%       N/A       1%          1
 Confusing Touch          Hex            56%        N/A       1%          3
 Dazzling Flash           Conj/Hex       100%       N/A       1%          3
 Portal Projectile        Hex/Tloc       100%       N/A       1%          3
 Vampiric Draining        Necr           64%        2d10      1%          3
 Volatile Blastmotes      Fire/Tloc      84%        2d17      3%          3
 Wereblood                Tmut           25%        N/A       4%          2
 Call Canine Familiar     Summ           25%        N/A       9%          3
 Leda's Liquefaction      Hex/Erth       21%        N/A       11%         4
 Irradiate                Conj/Tmut      24%        3d19      21%         5
 Petrify                  Tmut/Erth      25%        N/A       28%         4
 Starburst                Conj/Fire      24%        6d8       69%         6
 Summon Hydra             Summ           12%        N/A       100%        7


Dungeon Overview and Level Annotations

Branches:
Dungeon (12/15)            Temple (1/1) D:5            Lair (0/5) D:10
    Orc (0/2) D:11          Sewer (visited)

Altars:
Ashenzari
Cheibriados
Dithmenos
Elyvilon
Fedhas
Gozag
Hepliaklqana
Kikubaaqudgha
Makhleb
Nemelex Xobeh
Okawaru
Qazlal
Ru
Sif Muna
Trog
Uskayaw
Vehumet
Wu Jian
Xom
Yredelemnul
Zin
The Shining One

Shops:
D:11 *   D:12 *

Annotations:
D:3 1 runed translucent door, Crazy Yiuf
D:11 2 transporters, exclusion: ice statue, GimliDwarf's ghost, journeyman GnWr
D:12 Psyche; Snorg


Message History

You hear an angry buzzing noise.
Casting: Fulminant Prism (dangerous; 2% risk of failure)
Confirm with . or Enter, or press ? or * to list all spells.
Aiming: Fulminant Prism (dangerous; 2% risk of failure)
Press: ? - help, Dir - move target You conjure a prism of explosive energy!
A fulminant prism comes into view.
Psyche the Insane Magess comes into view.
She is wielding a +2 dagger of chaos.
Snorg bites your fulminant prism!!
Your fulminant prism detonates feebly.
Snorg looks more healthy.
Casting: Fulminant Prism (dangerous; 2% risk of failure)
Confirm with . or Enter, or press ? or * to list all spells.
You erupt in a blast of force!
The mystic blast hits Snorg!!
Snorg is severely wounded.
Snorg is knocked back by the mystic blast.
You feel a bit more experienced.
Snorg rages.
Casting: Iskenderun's Mystic Blast (dangerous; 2% risk of failure)
Confirm with . or Enter, or press ? or * to list all spells.
You erupt in a blast of force!
The mystic blast hits Snorg!
Snorg is severely wounded.
Snorg is knocked back by the mystic blast.
Casting: Iskenderun's Mystic Blast (dangerous; 2% risk of failure)
Confirm with . or Enter, or press ? or * to list all spells.
You draw magical energy from your own body!
Snorg misses you. Snorg claws you! Snorg closely misses you.
Aiming: Mindburst
Press: ? - help, Shift-Dir - straight line, f - Snorg
Aim: Snorg (severely wounded, berserk, chance to affect: 29%) Snorg easily resists.
Snorg closely misses you. Snorg claws you! x2
Snorg bites you!
* * * LOW HITPOINT WARNING * * *
Snorg closely misses you. Snorg claws you but does no damage.
Aiming: Mindburst
Press: ? - help, Shift-Dir - straight line, f/p - Snorg
Aim: Snorg (severely wounded, berserk, chance to affect: 29%) Snorg easily resists.
Snorg bites you but does no damage. Snorg claws you!!
You die...
Your body crumbles into a pile of gold.

####.#.#.# #.# #
# #.#<####.#
#.....^..#
###.####.# #..#
#.# #.## #.# #.#
#.# #.# #.#
#####.#####@###
#...........T.#
........#####.#.#
###.##### #.#@# #
#.#.# #.#.# ..#.#
###B# #@#


You could see Snorg (berserk) and Psyche.

Vanquished Creatures
  4 two-headed ogres
  2 boulder beetles
  2 cyclopes (D:11)
  2 kobold demonologists (D:11)
  Grinder (D:5)
  Prince Ribbit (D:6)
  Sigmund (D:3)
  5 wraiths
  3 shadows
  5 wyverns
  A basilisk (D:11)
  3 vampire mosquitoes (D:12)
  Grum (D:10)
  An acid dragon (D:11)
  A water moccasin (D:6)
  A sky beast (D:8)
  2 orc warriors
  2 black bears
  3 wolves (D:10)
  2 centaurs (D:8)
  2 phantoms
  18 kobold brigands
  5 bullfrogs
  3 scorpions
  3 gnoll sergeants
  9 killer bees (D:9)
  An electric eel (D:9)
  2 howler monkeys
  3 jellies
  3 orc priests
  2 hounds
  A sleepcap (D:8)
  Ijyb (D:3)
  4 iguanas
  4 orc wizards
  23 gnolls
  A river rat (D:6)
  8 adders
  A shadow imp (D:6)
  A white imp (D:7)
  3 ufetubi
  9 worms
  5 dart slugs
  30 orcs
  8 ball pythons
  7 bats
  15 endoplasms
  3 giant cockroaches
  7 goblins
  5 hobgoblins
  2 jackals (D:4)
  37 kobolds
  4 quokkas
  4 frilled lizards
  11 rats
  2 fulminant prisms (D:11)
290 creatures vanquished.

Vanquished Creatures (others)
  A scorpion (D:6)
  A gnoll bouda (D:5)
  102 fulminant prisms
104 creatures vanquished.

Grand Total: 394 creatures vanquished

Notes
Turn   | Place    | Note
-------+----------+-------------------------------------------
     0 | D:1      | ritesign the Deep Elf Conjurer began the quest for the Orb.
     0 | D:1      | Reached XP level 1. HP: 10/10 MP: 6/6
   351 | D:1      | Reached skill level 1 in Necromancy
   351 | D:1      | Reached XP level 2. HP: 15/15 MP: 5/8
   354 | D:1      | Learned a level 2 spell: Searing Ray
  1330 | D:2      | Reached XP level 3. HP: 19/19 MP: 8/10
  1734 | D:2      | Reached skill level 4 in Spellcasting
  1734 | D:2      | Reached skill level 5 in Conjurations
  2229 | D:2      | Reached XP level 4. HP: 24/24 MP: 9/12
  2352 | D:2      | Learned a level 4 spell: Iskenderun's Mystic Blast
  2357 | D:2      | Learned a level 4 spell: Fulminant Prism
  2907 | D:3      | Found a faded altar of an unknown god.
  3140 | D:3      | Noticed Sigmund
  3149 | D:3      | Killed Sigmund
  3150 | D:3      | Reached skill level 5 in Spellcasting
  3150 | D:3      | Reached XP level 5. HP: 28/28 MP: 2/15
  3464 | D:3      | Noticed Ijyb
  3469 | D:3      | Reached XP level 6. HP: 32/32 MP: 11/16
  3475 | D:3      | Killed Ijyb
  3665 | D:3      | Found a runed translucent door.
  3666 | D:3      | Noticed Crazy Yiuf
  3785 | D:3      | Learned a level 2 spell: Sublimation of Blood
  3868 | D:4      | Reached skill level 6 in Spellcasting
  4261 | D:4      | Found a shimmering blue altar of Sif Muna.
  4861 | D:5      | Entered Level 5 of the Dungeon
  4872 | D:5      | Reached XP level 7. HP: 36/36 MP: 12/19
  4982 | D:5      | Noticed Grinder
  4989 | D:5      | Paralysed by Grinder for 4 turns
  4996 | D:5      | Killed Grinder
  4997 | D:5      | Reached skill level 7 in Spellcasting
  5081 | D:5      | Found a staircase to the Ecumenical Temple.
  5092 | Temple   | Entered the Ecumenical Temple
  5114 | Temple   | Became a worshipper of Gozag Ym Sagoz the Greedy
  5132 | D:5      | Reached skill level 5 in Necromancy
  5226 | D:5      | Learned a level 4 spell: Dispel Undead
  5266 | D:5      | Reached skill level 8 in Spellcasting
  5794 | D:5      | Reached XP level 8. HP: 41/41 MP: 6/22
  6077 | D:5      | Reached skill level 9 in Spellcasting
  6763 | D:6      | Found a glowing drain.
  6772 | Sewer    | Entered a sewer
  7587 | D:6      | Reached skill level 10 in Spellcasting
  7689 | D:6      | Reached skill level 1 in Hexes
  7689 | D:6      | Reached skill level 1 in Translocations
  7790 | D:6      | Noticed Prince Ribbit
  7794 | D:6      | Killed Prince Ribbit
  7809 | D:6      | Reached skill level 1 in Fighting
  8084 | D:6      | Reached XP level 9. HP: 43/47 MP: 9/25
  8721 | D:7      | Reached skill level 5 in Hexes
  8892 | D:7      | Found a hazy altar of Hepliaklqana.
  8898 | D:7      | Found a basalt altar of Yredelemnul.
  8901 | D:7      | Found a sacrificial altar of Ru.
  8901 | D:7      | Found a radiant altar of Vehumet.
  8908 | D:7      | Found a broken altar of Ashenzari.
  9526 | D:8      | HP: 2/48 [wyvern (6)]
  9876 | D:7      | Found a broken altar of Ashenzari.
  9883 | D:7      | Found a radiant altar of Vehumet.
  9886 | D:7      | Found a sacrificial altar of Ru.
  9886 | D:7      | Found a basalt altar of Yredelemnul.
  9893 | D:7      | Found a hazy altar of Hepliaklqana.
 10262 | D:8      | Reached skill level 5 in Translocations
 10284 | D:8      | Reached skill level 11 in Spellcasting
 10686 | D:8      | Found a sparkling altar of Nemelex Xobeh.
 11114 | D:9      | Reached skill level 12 in Spellcasting
 11539 | D:9      | Noticed a two-headed ogre
 11549 | D:9      | Killed a two-headed ogre
 11550 | D:9      | Reached skill level 13 in Spellcasting
 11550 | D:9      | Reached XP level 10. HP: 53/53 MP: 13/29
 11810 | D:9      | Reached skill level 14 in Spellcasting
 11911 | D:9      | Noticed a two-headed ogre
 11924 | D:9      | Killed a two-headed ogre
 12453 | D:10     | Entered Level 10 of the Dungeon
 12504 | D:10     | Reached skill level 15 in Spellcasting
 12607 | D:10     | Found a staircase to the Lair.
 12684 | D:10     | Reached skill level 1 in Armour
 12739 | D:10     | Noticed Grum
 12746 | D:10     | Killed Grum
 13939 | D:11     | Noticed a cyclops
 13946 | D:11     | Killed a cyclops
 13947 | D:11     | Noticed a two-headed ogre
 14048 | D:11     | Found Meenn's Changing Room.
 14085 | D:11     | Noticed a sun demon
 14209 | D:11     | Found a staircase to the Orcish Mines.
 14328 | D:11     | Reached XP level 11. HP: 32/62 MP: 0/32
 14442 | D:11     | Killed a two-headed ogre
 14443 | D:11     | Reached skill level 5 in Fighting
 14606 | D:11     | Noticed a centaur warrior
 14607 | D:11     | Noticed a deep elf pyromancer
 14610 | D:11     | Found a transporter.
 14610 | D:11     | Noticed a two-headed ogre
 14616 | D:11     | Found a transporter.
 14653 | D:11     | Reached skill level 5 in Armour
 14873 | D:11     | Noticed GimliDwarf's ghost (journeyman GnWr)
 14891 | D:11     | Noticed a wizard
 15286 | D:11     | Bought a potion of mutation for 144 gold pieces
 15286 | D:11     | Bought a potion of lignification for 54 gold pieces
 15297 | D:11     | Noticed a boulder beetle
 15316 | D:11     | Killed a boulder beetle
 15613 | D:12     | Found Xutom's Assorted Antiques.
 15618 | D:12     | Bought a scroll of identify for 54 gold pieces
 15618 | D:12     | Bought a scroll of blinking for 202 gold pieces
 15876 | D:12     | Noticed a two-headed ogre
 15881 | D:12     | Killed a two-headed ogre
 15888 | D:12     | Noticed a boulder beetle
 15889 | D:12     | Noticed Snorg
 15899 | D:12     | Noticed Psyche
 15903 | D:12     | Killed a boulder beetle
 15907 | D:12     | Slain by Snorg

Illustrated notes

Levels and vault maps discovered:
D:1:      ebering_hopf_link, layout_loops_corners, minmay_cut_off
D:2:      minmay_evil_eye, layout_basic
D:3:      layout_loops_corners, ebering_ecumenical_altar_hall, uniq_sigmund,
          uniq_ijyb, uniq_crazy_yiuf_cottage
D:4:      layout_basic, mainiacjoe_overflow_alcove_1
D:5:      layout_gridville, minmay_temple_entry_stoned_glass, uniq_grinder
D:6:      layout_gridville, lightli_sewer_entry_pipes,
          ebering_dispersal_statue_hall, uniq_prince_ribbit1
D:7:      layout_basic, nicolae_overflow_hallway_of_the_gods
D:8:      layout_rooms, nemelex_altar_shiori, minmay_misc_feat_pillars,
          hangedman_decor_clover_reticule
D:9:      layout_loops_ring, minivault_14, chequers_garden
D:10:     layout_stronghold, dpeg_oklobed_lair, uniq_grum
D:11:     layout_cave_pods, orc_0_dummy, gauntlet_entry_generic, special_room
          [special_room_kobold], nzn_ghost_randoct, nicolae_transmutations_shop
D:12:     layout_loops_ring, serial_shops, shop, uniq_snorg, uniq_psyche
Temple:   minmay_freezing_vapour_temple

Skill      XL: |  1  2  3  4  5  6  7  8  9 10 11 |
---------------+----------------------------------+-----
Necromancy     | 1 2 3 4 5 7 |  7.0
Spellcasting   | 4 5 6 8 10 13 15 | 15.0
Conjurations   | 5 6 7 |  7.0
Hexes          | 4 5 |  5.0
Translocations | 3 5 |  5.0
Fighting       | 1 2 4 7 |  7.2
Armour         | 4 5 |  5.3
Dodging        | 3 |  3.6
Stealth        | |  2.4

Action                     |  1- 3 |  4- 6 |  7- 9 | 10-12 || total
---------------------------+-------+-------+-------+-------++-------
  Melee: Staff             |       |       |     3 |       ||     3
  Throw: Dart              |       |       |       |    15 ||    15
   Cast: Magic Dart        |    89 |    85 |    76 |    10 ||   260
         Searing Ray       |     1 |    12 |    45 |    11 ||    69
         Fulminant Prism   |       |       |    38 |    66 ||   104
         Iskenderun's Myst |       |       |    35 |    31 ||    66
         Sublimation of Bl |       |       |     2 |     3 ||     5
         Dispel Undead     |       |       |       |     3 ||     3
  Evoke: Wand              |       |       |     4 |     2 ||     6
    Use: Potion            |       |       |       |     2 ||     2
         Scroll            |       |       |       |    18 ||    18
 Armour: Robe              |     2 |     4 |    12 |       ||    18
         Ring mail         |       |       |    10 |     9 ||    19
  Dodge: Dodged            |     6 |     9 |    48 |    11 ||    74
